 Dungeon Crawl Stone Soup version 0.30-a0-389-g8d7d949f56 (webtiles) character file.

Game seed: 3896957390251829315

3790 Twinkles the Grappler (level 9, -5/92 HPs)
             Began as a Troll Fighter on Dec 3, 2022.
             Was a Believer of Wu Jian.
             Slain by a killer bee (8 damage)
             ... on level 8 of the Dungeon.
             The game lasted 00:30:41 (7043 turns).

Twinkles the Grappler (Troll Fighter)               Turns: 7043, Time: 00:30:42

Health: -5/92      AC:  4    Str: 34    XL:     9   Next: 95%
Magic:  0/8        EV: 13    Int:  6    God:    Wu Jian [**....]
Gold:   425        SH: 10    Dex:  9    Spells: 8/8 levels left

rFire   . . .      SeeInvis .      - Unarmed
rCold   . . .      Faith    .    b - +1 kite shield
rNeg    . . .      Spirit   +    a - +0 robe
rPois   .          Reflect  .    (helmet restricted)
rElec   .          Harm     .    (no cloak)
rCorr   .          Rampage  .    (gloves unavailable)
Will    .....                    (boots unavailable)
Stlth   +.........               r - amulet of guardian spirit
HPRegen 1.15/turn                y - +6 ring of strength
MPRegen 0.11/turn                k - +4 ring of evasion

@: no status effects
A: large, unfitting armour, claws 3, regeneration 1, shaggy fur 1, tough skin 1
a: Renounce Religion, Wall Jump


You were on level 8 of the Dungeon.
You worshipped Wu Jian.
Wu Jian was pleased with you.
You visited 2 branches of the dungeon, and saw 10 of its levels.

You collected 528 gold pieces.
You spent 103 gold pieces at shops.

Inventory:

Missiles
 f - 2 poisoned darts (quivered)
 v - 2 javelins
 x - 3 throwing nets
Armour
 a - a +0 robe (worn)
 b - a +1 kite shield (worn)
Magical Staves
 o - a staff of air
Jewellery
 h - an amulet of magic regeneration
 k - a +4 ring of evasion (right claw)
 p - a ring of positive energy
 r - an amulet of guardian spirit (around neck)
 y - a +6 ring of strength (left claw)
 A - a ring of fire
Wands
 d - a wand of digging (1)
 j - a wand of polymorph (11)
 q - a wand of flame (15)
Scrolls
 c - 2 scrolls of enchant armour
 g - a scroll of enchant weapon {unknown}
 i - 3 scrolls of teleportation {unknown}
 m - a scroll of torment {unknown}
 n - 2 scrolls of noise {unknown}
 s - a scroll of summoning {unknown}
 u - a scroll of brand weapon {unknown}
 w - 4 scrolls of blinking {unknown}
 z - a scroll of magic mapping {unknown}
 E - 2 scrolls of fear
 F - 2 scrolls of fog
Potions
 e - a potion of cancellation {unknown}
 l - 2 potions of resistance {unknown}
 t - 4 potions of attraction {unknown}
 H - 2 potions of haste
 J - 2 potions of curing
 L - 4 potions of flight
 M - 2 potions of might
 N - 2 potions of heal wounds
 P - a potion of lignification
 T - 4 potions of berserk rage


   Skills:
 + Level 6.6 Fighting
 + Level 4.5 Dodging
 + Level 7.2 Shields
 * Level 9.0 Unarmed Combat


You had 8 spell levels left.
You didn't know any spells.
Your spell library contained the following spells:

 Spells                   Type           Power      Damage    Failure   Level
 Beastly Appendage        Tmut           0%         N/A       71%         1
 Wereblood                Tmut           0%         N/A       83%         2
 Ozocubu's Armour         Ice            0%         N/A       97%         3
 Spider Form              Tmut/Pois      0%         N/A       97%         3
 Tukima's Dance           Hex            0%         N/A       97%         3
 Passage of Golubria      Tloc           0%         N/A       100%        4
 Yara's Violent Unravell  Hex/Tmut       0%         3d3       100%        5
 Ozocubu's Refrigeration  Ice            0%         4d7       100%        7


Dungeon Overview and Level Annotations

Branches:
Dungeon (9/15) Zot: 26235  Temple (1/1) D:6 Zot: 5758
   Lair: D:8-11         Orc: D:9-12

Altars:
Cheibriados
Dithmenos
Elyvilon
Fedhas
Gozag
Hepliaklqana
Kikubaaqudgha
Nemelex Xobeh
Okawaru
Qazlal
Ru
Sif Muna
Trog
Uskayaw
Vehumet
Wu Jian
Xom
Yredelemnul
Zin
The Shining One

Shops:
D:2 ?   D:5 :=[*:

Annotations:
D:2 exclusion: downstairs
D:3 1 runed translucent door, lokiplouj's ghost, weakling MfRe
D:5 2 runed translucent doors
D:8 Amaemon


Innate Abilities, Weirdness & Mutations

You are too large for most types of armour.
You have claws for hands.
Your natural rate of healing is unusually fast.
You are covered in fur. (AC +1)
You have tough skin. (AC +1)


Message History

The killer bee misses you. The killer bee stings you.
* * * LOW HITPOINT WARNING * * *
The killer bee stings you!
* * * LOW HITPOINT WARNING * * *
You are poisoned.
The killer bee poisons you! You block the killer bee's attack.
You feel better. The killer bee stings you.
* * * LOW HITPOINT WARNING * * *
The killer bee stings you but does no damage.
You block the killer bee's attack. The killer bee stings you.
* * * LOW HITPOINT WARNING * * *
You claw the killer bee!
The killer bee is almost dead.
You block the killer bee's attack. The killer bee barely misses you.
The killer bee closely misses you. The killer bee barely misses you.
You closely miss the killer bee.
The killer bee is severely wounded.
The killer bee barely misses you. x2; The killer bee stings you.
* * * LOW HITPOINT WARNING * * *
The killer bee misses you.
You closely miss the killer bee.
The killer bee is severely wounded.
The killer bee completely misses you. The killer bee stings you.
* * * LOW HITPOINT WARNING * * *
You are lethally poisoned!
The killer bee poisons you! The killer bee barely misses you.
The killer bee completely misses you.
You feel better. You block the killer bee's attack.
The killer bee barely misses you. The killer bee misses you.
You block the killer bee's attack.
You completely miss the killer bee.
The killer bee is severely wounded.
The killer bee barely misses you. You block the killer bee's attack.
The killer bee stings you!
* * * LOW HITPOINT WARNING * * *
You block the killer bee's attack.
You barely miss the killer bee.
The killer bee is severely wounded.
You block the killer bee's attack. The killer bee stings you!
You die...

...# ..... ...# #####.....
...# #####......... ...#
#.............
...##########.............
...........##........y.y..
...........##......##...y.
...........##...yy.# .y..
...........##...@..# ##
#############......#
#......# #......# #......#
.. #......####.#
#...........# #.........#
#...........# #.....[...#
#...........#


You could see 2 killer bees.

Vanquished Creatures
  Pikel (D:6)
  Maurice (D:8)
  A basilisk (D:9)
  A steam dragon (D:8)
  Duvessa (D:7)
  An orc warrior (D:6)
  A sky beast (D:5)
  2 black bears (D:7)
  5 ogres
  2 lemures (D:6)
  3 phantoms
  2 bullfrogs (D:6)
  A gnoll sergeant (D:5)
  A necrophage (D:6)
  4 wights
  Dowan (D:6)
  2 killer bees (D:8)
  3 howler monkeys (D:6)
  3 jellies
  3 orc priests
  4 hounds
  A gnoll bouda (D:5)
  Terence (D:2)
  8 iguanas
  7 orc wizards
  A hell rat (D:9)
  8 gnolls
  A river rat (D:9)
  5 adders
  2 shadow imps (D:5)
  A white imp (D:5)
  A worm (D:3)
  4 dart slugs
  20 orcs
  9 ball pythons
  10 bats
  11 endoplasms
  A giant cockroach (D:4)
  7 goblins
  6 hobgoblins
  6 jackals
  7 quokkas
  A frilled lizard (D:3)
  9 kobolds
  6 rats
176 creatures vanquished.

Notes
Turn   | Place    | Note
-------+----------+-------------------------------------------
     0 | D:1      | Twinkles the Troll Fighter began the quest for the Orb.
     0 | D:1      | Reached XP level 1. HP: 22/22 MP: 0/0
   125 | D:1      | Reached XP level 2. HP: 29/29 MP: 1/1
   346 | D:1      | Reached XP level 3. HP: 36/36 MP: 2/2
   703 | D:2      | Noticed Terence
   713 | D:2      | Killed Terence
   731 | D:2      | Found Disugun's Magic Scroll Shop.
   856 | D:2      | Bought a scroll of identify for 22 gold pieces
   907 | D:2      | Reached XP level 4. HP: 35/45 MP: 3/3
   948 | D:2      | Reached skill level 3 in Unarmed Combat
   961 | D:2      | Found a basalt altar of Yredelemnul.
  1678 | D:3      | Reached XP level 5. HP: 53/53 MP: 4/4
  1810 | D:3      | Noticed an ogre
  2150 | D:3      | You fall into a shaft and drop 3 floors!
  2150 | D:6      | Found a staircase to the Ecumenical Temple.
  2167 | Temple   | Entered the Ecumenical Temple
  2375 | Temple   | Became a worshipper of the Wu Jian Council
  2409 | D:6      | Noticed an orc warrior
  2416 | D:6      | Noticed an ogre
  2433 | D:7      | Found a basalt altar of Yredelemnul.
  2607 | D:6      | Noticed an ogre
  2607 | D:6      | Noticed a phantom
  2626 | D:6      | Killed an ogre
  2627 | D:6      | Reached skill level 4 in Unarmed Combat
  2627 | D:6      | Reached XP level 6. HP: 36/62 MP: 5/5
  2628 | D:6      | Killed an orc warrior
  2725 | D:6      | Reached XP level 7. HP: 69/70 MP: 6/6
  2746 | D:6      | Reached skill level 5 in Shields
  2746 | D:6      | Reached skill level 5 in Unarmed Combat
  2766 | D:5      | Entered Level 5 of the Dungeon
  3233 | D:3      | Found a runed translucent door.
  3237 | D:3      | Noticed lokiplouj's ghost (weakling MfRe)
  3480 | D:4      | Reached skill level 5 in Fighting
  3480 | D:4      | Reached XP level 8. HP: 55/80 MP: 7/7
  3801 | D:5      | Found Surghasou's Book Shop.
  3808 | D:5      | Found Leatud's Jewellery Boutique.
  3850 | D:5      | Reached * piety under Wu Jian
  3907 | D:5      | Found a large runed translucent door.
  3908 | D:5      | Found a large runed translucent door.
  3917 | D:5      | Reached skill level 6 in Unarmed Combat
  3998 | D:5      | Found Vemopis's Assorted Antiques.
  4010 | D:5      | Bought a scroll labelled PEFUYP CEUS for 28 gold pieces
  4010 | D:5      | Bought a scroll labelled PEFUYP CEUS for 28 gold pieces
  4010 | D:5      | Bought a fizzy orange potion for 25 gold pieces
  4195 | D:5      | Found Kimy's Book Shop.
  4280 | D:5      | Found Kuqutye's Antique Armour Boutique.
  4458 | D:6      | Noticed Pikel
  4562 | D:6      | Reached skill level 7 in Unarmed Combat
  4800 | D:6      | Killed Pikel
  4801 | D:6      | Reached XP level 9. HP: 87/89 MP: 8/8
  4940 | D:7      | Noticed Duvessa
  4954 | D:7      | Killed Duvessa
  4954 | D:7      | Reached ** piety under Wu Jian
  4955 | D:7      | Noticed Dowan
  4960 | D:6      | Reached skill level 8 in Unarmed Combat
  5018 | D:6      | Killed Dowan
  5309 | D:7      | Found an opulent altar of Gozag.
  5352 | D:7      | Found a snail-covered altar of Cheibriados.
  5437 | D:7      | Found a glowing golden altar of the Shining One.
  5547 | D:7      | Found a glowing silver altar of Zin.
  5747 | D:8      | Noticed Maurice
  5844 | D:8      | HP: 22/92 [something/iceblast (14)]
  5850 | D:8      | HP: 26/92 [something (12)]
  6010 | D:8      | Found an ancient bone altar of Kikubaaqudgha.
  6029 | D:8      | Found a shimmering blue altar of Sif Muna.
  6032 | D:8      | Found a sacrificial altar of Ru.
  6032 | D:8      | Found a hazy altar of Hepliaklqana.
  6039 | D:8      | Found a sparkling altar of Nemelex Xobeh.
  6081 | D:8      | Killed Maurice
  6171 | D:8      | Noticed an orange demon
  6172 | D:8      | Noticed Amaemon
  6468 | D:9      | Noticed a death yak
  6569 | D:9      | Reached skill level 9 in Unarmed Combat
  6606 | D:8      | HP: 27/92 [death yak (22)]
  6662 | D:7      | Upgraded the game from 0.30-a0-385-gfebfb9b408 to
                  | 0.30-a0-389-g8d7d949f56
  7031 | D:8      | HP: 21/92 [killer bee (7)]
  7036 | D:8      | HP: 10/92 [killer bee (5)]
  7036 | D:8      | HP: 4/92 [killer bee (6)]
  7040 | D:8      | HP: 1/92 [killer bee (6)]
  7043 | D:8      | Slain by a killer bee

Illustrated notes

Levels and vault maps discovered:
D:1:      heliophobic_arrival_dark_side_of_the_moon, layout_basic,
          minmay_stone_trees_medium
D:2:      layout_basic, serial_shops, nicolae_shop_waterfront, serial_glass,
          glass_columns_b, glass_columns_b, basic_altar,
          hangedman_feature_mirror, uniq_terence
D:3:      layout_basic, ebering_ghost_inner_flame, minmay_misc_feat_room,
          serial_park_tiny_pond
D:4:      layout_basic, minmay_stone_trees_small
D:5:      layout_basic, jmf_multi_god_temple2, serial_shops,
          kennysheep_little_box, shop, shop, nicolae_square_shop,
          nicolae_shop_overgrown_old_shop
D:6:      layout_rooms, minmay_temple_entry_wispy, uniq_pikel
D:7:      layout_basic, pdpol_temple_overflow_zin_treasury_gozag_greed,
          mainiacjoe_overflow_paths, old_standard_altar, lemuel_tele_altar,
          minmay_misc_feat_x, chequers_serial_rivers_room_a,
          minmay_misc_feat_cross, uniq_duvessa
D:8:      layout_basic, nicolae_overflow_hallway_of_the_gods, uniq_amaemon,
          uniq_maurice
D:9:      layout_basic, dpeg_lair_monsters, minmay_misc_feat_columns,
          minivault_21
Temple:   jpeg_temple_alley_garden

Skill      XL: |  1  2  3  4  5  6  7  8  9 |
---------------+----------------------------+-----
Shields        | 3 4 5 6 7 |  7.2
Fighting       | 3 4 5 6 |  6.6
Unarmed Combat | 3 4 5 7 9 |  9.0
Dodging        | 3 4 |  4.5

Action                   |  1- 3 |  4- 6 |  7- 9 || total
-------------------------+-------+-------+-------++-------
Melee: Unarmed           |    90 |   116 |   305 ||   511
Throw: Dart              |       |       |     4 ||     4
Invok: Lunge             |       |       |    45 ||    45
       Whirlwind         |       |       |     9 ||     9
 Abil: Wall Jump         |       |       |     2 ||     2
  Use: Scroll            |     2 |     7 |     3 ||    12
       Potion            |       |     2 |     7 ||     9
Armor: Robe              |    24 |    40 |    34 ||    98
       Skin              |       |     7 |       ||     7
Dodge: Dodged            |    26 |    42 |   112 ||   180
Block: Kite shield       |    31 |    68 |   150 ||   249

Table legend: (Time is in decaauts)
 A = Elapsed time spent in this place.
 B = Non-inter-level travel time spent in this place.
 C = Inter-level travel time spent in this place.
 D = Time resting spent in this place.
 E = Time spent auto-exploring this place.
 F = Levels seen in this place.
 G = Mean time per level.
                   A        B        C        D        E       F      G
               +--------+--------+--------+--------+--------+-----+--------+
         Total |   7071 |   6612 |    459 |    358 |   4525 |  10 |  707.1 |
       Dungeon |   6829 |   6434 |    395 |    358 |   4355 |   9 |  758.8 |
        Temple |    241 |    177 |     64 |      0 |    170 |   1 |  241.0 |
               +--------+--------+--------+--------+--------+-----+--------+

Top non-repeatable levels by time:
     D:7: 981 daAuts
     D:8: 936 daAuts
     D:2: 921 daAuts
     D:4: 868 daAuts
     D:3: 723 daAuts
     D:1: 708 daAuts
     D:6: 703 daAuts
     D:5: 677 daAuts
     D:9: 309 daAuts
  Temple: 241 daAuts
